 Dungeon Crawl Stone Soup version 0.15.0-12-gccce430 (webtiles) character file.

184 Aelig the Transmogrifier (level 5, -4/33 HPs)
             Began as an Octopode Transmuter on Sept 2, 2014.
             Killed by divine providence
             ... invoked by an orc priest
              (14 damage)
             ... on Level 3 of the Dungeon.
             The game lasted 00:08:02 (3019 turns).

Aelig the Transmogrifier (Octopode Transmuter)      Turns: 3019, Time: 00:08:02

HP  -4/33        AC  2     Str 10      XL: 5   Next: 63%
MP   7/9         EV 19     Int 21      God:
Gold 114         SH  0     Dex 15 (17) Spells:  3 memorised,  2 levels left

rFire  . . .     SeeInvis .       - Unarmed
rCold  . . .     Clarity  .     (shield currently unavailable)
rNeg   . . .     rCorr    .     (helmet currently unavailable)
rPois  x         rRot     .     (no amulet)
rElec  .         Spirit   .     (no ring)
SustAb .         Warding  .     (no ring)
rMut   .         Stasis   .     (no ring)
Gourm  .                        (no ring)
MR     .....                    (no ring)
                                (no ring)
                                (no ring)
                                (no ring)

@: brilliant, spider-form, not resistant to hostile enchantments, very
unstealthy
A: almost no armour, amphibious, 8 rings, (constrict 8), (camouflage 0),
(gelatinous body 0)
a: End Transformation


You were on level 3 of the Dungeon.
You were hungry.
You were in spider-form.
You visited 1 branch of the dungeon, and saw 4 of its levels.

You collected 114 gold pieces.

Inventory:

Missiles
 b - 25 arrows
 o - 19 arrows of dispersal
Comestibles
 a - 2 bread rations
 n - a rotting chunk of jackal flesh
 p - a chunk of hobgoblin flesh
 s - a meat ration
Scrolls
 c - 2 scrolls of immolation {unknown}
 e - 4 scrolls of identify
 f - a scroll of amnesia {unknown}
 i - a scroll of enchant weapon {unknown}
 j - a scroll of fear
 m - 2 scrolls of remove curse
 r - 2 scrolls of teleportation {unknown}
Jewellery
 g - an uncursed amulet of the gourmand {unknown}
Potions
 k - 3 potions of brilliance
 l - a potion of curing
 q - a potion of haste {unknown}
Books
 d - a book of Changes

   Spells                             Type                      Level
   *Beastly Appendage                 Transmutation                1
   *Sticks to Snakes                  Transmutation                2
   *Spider Form                       Transmutation/Poison         3
   Ice Form                           Ice/Transmutation            4
   Blade Hands                        Transmutation                5


   Skills:
 - Level 1.0 Fighting
 - Level 2.0 Dodging
 + Level 3.6 Unarmed Combat
 - Level 2.0 Spellcasting
 - Level 11.0 Transmutations


You had 2 spell levels left.
You knew the following spells:

 Your Spells              Type           Power        Failure   Level  Hunger
a - Beastly Appendage     Trmt           ######       1%          1    #......
b - Sticks to Snakes      Trmt           ######....   1%          2    ##.....
c - Spider Form           Trmt/Pois      #####.....   1%          3    ###....


Dungeon Overview and Level Annotations

Branches:
Dungeon (4/15)
 Temple: D:4-7

Altars:
Cheibriados
Elyvilon


Innate Abilities, Weirdness & Mutations

You cannot wear most types of armour.
You are amphibious.
You can wear up to eight rings at the same time.
((You can use your tentacles to constrict many enemies at once.))
((Your skin changes colour to match your surroundings (Stealth).))
((Your rubbery body absorbs attacks (AC +1).))


Message History

As you read the scroll of fear, it crumbles to dust.
You assume a fearsome visage.
The hobgoblin looks frightened!
The orc looks frightened!
The orc wizard looks frightened!
The orc wizard casts a spell.
The orc wizard blinks!
The orc wizard is no longer moving quickly.
The orc wizard gestures wildly while chanting.
The orc wizard blinks!
The orc wizard gestures wildly while chanting.
The orc wizard blinks!
Drink which item? (? for menu, Esc to quit)
You feel better.
The orc wizard mumbles some strange words.
The orc wizard blinks!
The orc priest complains repeatedly, as Orcs often do.
The orc wizard mumbles some strange words.
The orc wizard blinks!
The orc priest calls down the wrath of Beogh upon you.
Something smites you!
You die...

#..............#
#...#####
#.............>#
###.....#
#..............#
#####.#
#.............##
#.########
#....##......##
#.........
#)############
##.)...... ..#
##############.....>..
###
##.....................
#
#...o.s########........
## #......# #........
.# #......# #.(......
.# #...).g# #........
.# #......# #########
## ##....## # ##ยง.o#
.. ###.# #. #.####


You could see an orc priest, an orc wizard (fleeing) and a hobgoblin.

Vanquished Creatures
  4 adders
  2 worms
  3 giant geckos
  2 orcs (D:3)
  A ball python (D:2)
  9 goblins
  10 hobgoblins
  10 jackals
  6 kobolds
  2 quokkas (D:2)
  6 bats
  3 giant newts
  16 rats
74 creatures vanquished.

Notes
Turn   | Place    | Note
--------------------------------------------------------------
     0 | D:1      | Aelig, the Octopode Transmuter, began the quest for the Orb.
     0 | D:1      | Reached XP level 1. HP: 13/13 MP: 3/3
   291 | D:1      | Reached XP level 2. HP: 5/18 MP: 2/4
   856 | D:1      | Reached XP level 3. HP: 19/23 MP: 4/6
  1477 | D:2      | Reached skill level 4 in Transmutations
  1480 | D:2      | Reached skill level 11 in Transmutations
  1480 | D:2      | Reached XP level 4. HP: 13/28 MP: 5/7
  1771 | D:1      | Learned a level 2 spell: Sticks to Snakes
  1775 | D:1      | Learned a level 3 spell: Spider Form
  2005 | D:2      | Reached XP level 5. HP: 33/33 MP: 6/9
  2054 | D:2      | Found a snail-covered altar of Cheibriados.
  2668 | D:2      | Found a white marble altar of Elyvilon.
  3019 | D:3      | Killed from afar by an orc priest

Action                   |  1- 3 |  4- 6 || total
-------------------------+-------+-------++-------
Melee: Unarmed           |    74 |   104 ||   178
 Cast: Beastly Appendage |     8 |     5 ||    13
       Spider Form       |       |     6 ||     6
  Use: Potion            |     3 |     3 ||     6
       Scroll            |       |     3 ||     3
 Stab: Sleeping          |     2 |     3 ||     5
  Eat: Chunk             |     2 |     5 ||     7
